 Dungeon Crawl Stone Soup version 0.28.0-1-gb440e238dd (webtiles) character file.

Game seed: 17659107456556276090

198 iguanaiguana the Shield-Bearer (level 5, -9/47 HPs)
             Began as a Minotaur Fighter on Feb 19, 2022.
             Killed from afar by an acid dragon (24 damage)
             ... with a splash of acid
             ... on level 4 of the Dungeon.
             The game lasted 00:01:18 (2442 turns).

iguanaiguana the Shield-Bearer (Minotaur Fighter)   Turns: 2442, Time: 00:01:19

Health: -9/47      AC:  4    Str: 22    XL:     5   Next: 47%
Magic:  4/4        EV:  9    Int:  5    God:
Gold:   152        SH:  4    Dex: 10    Spells: 4/4 levels left

rFire   . . .      SeeInvis .   a - +0 war axe
rCold   . . .      Faith    .   c - +0 buckler
rNeg    . . .      Spirit   .   b - +0 scale mail
rPois   .          Reflect  .   (helmet restricted)
rElec   .          Harm     .   (no cloak)
rCorr   .          Rampage  .   j - +0 pair of gloves
Will    .....                   (no boots)
Stlth   ..........              (no amulet)
HPRegen 0.15/turn               (no ring)
MPRegen 0.09/turn               (no ring)

@: mighty, corroded
A: horns 2, retaliatory headbutt
a: no special abilities


You were on level 4 of the Dungeon.
You visited 1 branch of the dungeon, and saw 4 of its levels.

You collected 152 gold pieces.

Inventory:

Hand Weapons
 a - a +0 war axe (weapon)
Armour
 b - a +0 scale mail (worn)
 c - a +0 buckler (worn)
 j - a +0 pair of gloves (worn)
Jewellery
 k - a ring of ice
Wands
 h - a wand of iceblast (5) {@v2}
Scrolls
 e - a scroll of holy word {unknown}
 g - a scroll of silence {unknown}
 i - a scroll of identify {unknown}
 l - a scroll of teleportation {unknown}
 m - 3 scrolls of magic mapping {unknown}
 o - a scroll of vulnerability {unknown}
Potions
 d - 2 potions of might {@q3}
 f - 2 potions of curing {@q1}
 n - a potion of degeneration {unknown}


   Skills:
 + Level 4.9 Fighting
 + Level 4.0 Axes
 + Level 4.9 Armour
 + Level 4.9 Shields


You had 4 spell levels left.
You didn't know any spells.
Your spell library was empty.

Dungeon Overview and Level Annotations

Branches:
Dungeon (4/15)
 Temple: D:4-7

Altars:

Shops:
D:2 [


Innate Abilities, Weirdness & Mutations

You have a pair of horns on your head.
You reflexively headbutt those who attack you in melee.


Message History

You headbutt the hobgoblin!
You kill the hobgoblin!
You block the goblin's attack.
There are monsters nearby!
You hit the goblin but do no damage. The goblin hits you but does no damage.
The goblin closely misses you.
The water moccasin zombie bites you but does no damage.
You slash the water moccasin zombie!
The water moccasin zombie is lightly damaged.
You slash the goblin!
You kill the goblin!
You block the water moccasin zombie's attack.
You closely miss the water moccasin zombie.
The water moccasin zombie is lightly damaged.
You block the water moccasin zombie's attack.
The water moccasin zombie bites you but does no damage.
A water moccasin zombie is nearby!
A water moccasin zombie is nearby!
You slash the water moccasin zombie!
You headbutt the water moccasin zombie, but do no damage.
The water moccasin zombie is heavily damaged.
The water moccasin zombie bites you.
You completely miss the water moccasin zombie.
The water moccasin zombie is heavily damaged.
The water moccasin zombie bites you.
The water moccasin zombie barely misses you.
You barely miss the water moccasin zombie.
The water moccasin zombie is heavily damaged.
The water moccasin zombie bites you.
You block the water moccasin zombie's attack.
A water moccasin zombie is nearby!
You hit the water moccasin zombie. You headbutt the water moccasin zombie!
The water moccasin zombie is almost destroyed.
The water moccasin zombie barely misses you.
You slash the water moccasin zombie!
You destroy the water moccasin zombie!
You have reached level 5!
Key pressed, stopping explore.
No target in view!
No target in view!
No target in view!
Key pressed, stopping explore.
No target in view!
No target in view!
No target in view!
HP restored.
Things that are here:
a +0 club; a goblin corpse No target in view!
No target in view!
No target in view!
Things that are here:
a +0 dagger; a boomerang A hound comes into view.
The hound barks!
You see here 3 gold pieces.
You closely miss the hound. The hound bites you. x2
A hound is nearby!
You slash the hound! You headbutt the hound.
You kill the hound!
Your Axes skill increases to level 4!
No target in view!
No target in view!
You now have 141 gold pieces (gained 3).
o - a scroll labelled CUODOC DOAMUI No target in view!
No target in view!
No target in view!
Key pressed, stopping explore.
No target in view!
No target in view!
No target in view!
You now have 152 gold pieces (gained 11).
An acid dragon comes into view.
The acid dragon roars!
Found 18 bolts.
The acid dragon spits acid at you. The splash of acid hits you!
You closely miss the acid dragon. The acid dragon spits acid at you.
The splash of acid hits you! The acid corrodes you!
The acid dragon closely misses you.
The acid dragon claws you but does no damage.
An acid dragon is nearby!
You are too injured to fight recklessly!
You are too injured to fight recklessly!
You are too injured to fight recklessly!
An acid dragon is nearby!
You are too injured to fight recklessly!
You are too injured to fight recklessly!
You are too injured to fight recklessly!
An acid dragon is nearby!
You closely miss the acid dragon. The acid dragon bites you.
* * * LOW HITPOINT WARNING * * *
The acid dragon closely misses you.
You feel very mighty all of a sudden. The acid dragon spits acid at you.
The splash of acid hits you!!
Ouch! That really hurt!
You die...

#..............................
##.............................
##.####......................#
## ##.....................##
#......#...............#
#......#.........###..##
###.#.......... #####...####
##@$..# ##D...... .......
....... ......( ....... ....#..
....#..


You could see an acid dragon (catching breath).

Vanquished Creatures
  A water moccasin zombie (D:4)
  A hound (D:4)
  An orc wizard (D:3)
  3 adders
  2 worms
  3 dart slugs
  3 orcs
  3 ball pythons
  2 endoplasms
  2 giant cockroaches
  4 hobgoblins
  A quokka (D:3)
  2 bats
  3 frilled lizards
  5 goblins
  3 kobolds
  6 rats
45 creatures vanquished.

Vanquished Creatures (others)
  A plant (D:2)
1 creature vanquished.

Grand Total: 46 creatures vanquished

Notes
Turn   | Place    | Note
-------+----------+-------------------------------------------
     0 | D:1      | iguanaiguana the Minotaur Fighter began the quest for the
                  | Orb.
     0 | D:1      | Reached XP level 1. HP: 19/19 MP: 0/0
   628 | D:1      | Found a faded altar of an unknown god.
   728 | D:2      | Reached XP level 2. HP: 27/27 MP: 1/1
   898 | D:2      | Found Duatzopu's Armour Shoppe.
   935 | D:2      | Reached XP level 3. HP: 32/33 MP: 2/2
  1721 | D:3      | Reached XP level 4. HP: 33/41 MP: 3/3
  2276 | D:4      | Reached XP level 5. HP: 33/47 MP: 4/4
  2437 | D:4      | Noticed an acid dragon
  2442 | D:4      | Killed from afar by an acid dragon

Illustrated notes

Levels and vault maps discovered:
D:1:      erik_arrival_cave_to_civilisation [erik_arrival_cave_to_hall],
          layout_loops_ring, basic_ecumenical_altar
D:2:      layout_basic, serial_shops, nicolae_shop_trees, serial_bayou_pond_c
D:3:      layout_loops_ring
D:4:      layout_cave_pools, nicolae_wu_jian_wuxing_cycle, uniq_blork_the_orc

Skill      XL: |  1  2  3  4  5 |
---------------+----------------+-----
Fighting       | 4 |  4.9
Shields        | 4 |  4.9
Armour         | 4 |  4.9
Axes           | 3 4 |  4.0

Action                   |  1- 3 |  4- 6 || total
-------------------------+-------+-------++-------
Melee: War axe           |    83 |    31 ||   114
       Headbutt          |     6 |     4 ||    10
Evoke: Wand              |       |     2 ||     2
  Use: Potion            |       |     3 ||     3
Armor: Scale mail        |    40 |    15 ||    55
Dodge: Dodged            |    33 |    14 ||    47
Block: Buckler           |    15 |     7 ||    22
